 Dungeon Crawl Stone Soup version 0.28-a0-1567-g1695149f81 (webtiles) character file.

Game seed: 8479713768588277535

15821 avis the Reanimator (level 12, -1/110 HPs)
             Began as a Deep Dwarf Necromancer on Jan 17, 2022.
             Was a Believer of Makhleb.
             Slain by a death yak (9 damage)
             ... on level 1 of the Lair of Beasts on Jan 20, 2022.
             The game lasted 02:02:02 (19014 turns).

avis the Reanimator (Deep Dwarf Necromancer)       Turns: 19014, Time: 02:02:02

Health: -1/110     AC: 14    Str: 13    XL:     12   Next: 4%
Magic:  3/20       EV: 15    Int: 20    God:    Makhleb [**....]
Gold:   415        SH:  5    Dex: 13    Spells: 22/26 levels left

rFire   + . .      SeeInvis .   b - +6 hand axe of the Pariah {vorpal, rF+}
rCold   . . .      Faith    +   H - +0 buckler
rNeg    . . .      Spirit   .   Q - +0 steam dragon scales
rPois   .          Reflect  .   g - +1 helmet
rElec   .          Harm     .   p - +0 cloak
rCorr   .          Rampage  .   (no gloves)
Will    +....                   (no boots)
Stlth   +++.......              X - amulet of faith
HPRegen 0.00/turn               q - +4 ring of protection
MPRegen 0.17/turn               (no ring)

@: no status effects
A: damage resistance, heal wounds, sense surroundings 2, no regeneration
a: Heal Wounds, Renounce Religion, Minor Destruction


You were on level 1 of the Lair of Beasts.
You worshipped Makhleb.
Makhleb was pleased with you.
You visited 3 branches of the dungeon, and saw 14 of its levels.
You also visited: Ossuary.

You collected 661 gold pieces.
You spent 246 gold pieces at shops.

Inventory:

Hand Weapons
 b - the +6 hand axe of the Pariah (weapon) {vorpal, rF+}
   (You found it on level 7 of the Dungeon)

   It inflicts extra damage upon your enemies.
   rF:        It protects you from fire.
 c - a +8 club
 m - a +3 scimitar of flaming
 w - a +3 falchion of flaming
 F - a +0 short sword of distortion
Missiles
 f - 4 javelins
 h - 56 stones
 j - 33 poisoned darts
 o - 5 boomerangs
 I - 5 curare-tipped darts
 J - a throwing net (quivered)
Armour
 g - a +1 helmet (worn)
 p - a +0 cloak (worn)
 E - a +4 scale mail of cold resistance
 H - a +0 buckler (worn)
 Q - +0 steam dragon scales (worn)
Magical Staves
 a - a staff of death
Jewellery
 q - a +4 ring of protection (left hand)
 s - a ring of fire
 X - an amulet of faith (around neck)
Wands
 n - a wand of digging (12)
 r - a wand of iceblast (20)
 u - a wand of paralysis (4)
 P - a wand of flame (11)
Scrolls
 t - 5 scrolls of amnesia {unknown}
 x - a scroll of vulnerability {unknown}
 y - 2 scrolls of fog
 B - a scroll of enchant weapon
 D - a scroll of identify
 G - a scroll of summoning {unknown}
 K - a scroll of teleportation
 L - 4 scrolls of immolation
 R - 3 scrolls of fear
Potions
 d - 3 potions of might {unknown}
 e - 4 potions of lignification
 i - 8 potions of curing
 k - a potion of berserk rage {unknown}
 l - 6 potions of flight
 v - 2 potions of invisibility {unknown}
 z - 4 potions of brilliance
 A - a potion of magic {unknown}
 C - 2 potions of heal wounds
 Y - 2 potions of ambrosia {unknown}


   Skills:
 - Level 8.0 Fighting
 - Level 9.0 Armour
 - Level 8.0 Dodging
 - Level 7.0 Stealth
 - Level 4.0 Shields
 * Level 7.5 Spellcasting
 - Level 10.0 Necromancy
 - Level 5.0 Invocations
 - Level 3.0 Evocations


You had 22 spell levels left.
You knew the following spells:

 Your Spells              Type           Power      Damage    Failure   Level
a - Pain                  Necr           100%       1d9       1%          1
d - Vampiric Draining     Necr           47%        2d9       1%          3

Your spell library contained the following spells:

 Spells                   Type           Power      Damage    Failure   Level
 Animate Skeleton         Necr           94%        N/A       1%          1
 Animate Dead             Necr           23%        N/A       1%          4
 Agony                    Necr           47%        N/A       5%          5
 Magic Dart               Conj           28%        1d4       12%         1
 Sting                    Tmut/Pois      28%        1d4       12%         1
 Call Imp                 Summ           7%         N/A       17%         2
 Poisonous Vapours        Pois/Air       14%        N/A       17%         2
 Mephitic Cloud           Conj/Pois/Air  7%         N/A       34%         3
 Olgreb's Toxic Radiance  Pois           7%         N/A       75%         4


Dungeon Overview and Level Annotations

Branches:
Dungeon (12/15)            Temple (1/1) D:6            Lair (1/6) D:9
    Orc (0/2) D:12        Ossuary (visited)

Altars:
Ashenzari
Cheibriados
Elyvilon
Fedhas
Gozag
Hepliaklqana
Kikubaaqudgha
Makhleb
Nemelex Xobeh
Okawaru
Ru
Sif Muna
Trog
Uskayaw
Vehumet
Wu Jian
Xom
Yredelemnul
Zin
The Shining One

Shops:
D:6 (   D:7 (   D:9 (

Annotations:
D:3 Grinder
D:7 1 runed translucent door, freelancePsychic's ghost, novice OpVM
D:11 Erolcha
Lair:1 exclusion: death yak


Innate Abilities, Weirdness & Mutations

You are resistant to damage.
You can heal yourself by infusing magical energy.
You passively map the area around you.
You do not regenerate.


Message History

The death yak gores you but does no damage.
The death yak gores you!
* * * LOW HITPOINT WARNING * * *
You slash the death yak!
The death yak is almost dead.
The death yak gores you.
You completely miss the death yak.
The death yak is almost dead.
The death yak gores you!!
* * * LOW HITPOINT WARNING * * *
You hit the death yak but do no damage.
The death yak is almost dead.
The death yak gores you but does no damage. x2
You feel much better. You block the death yak's attack.
You slash the death yak!
The death yak is almost dead.
You feel less wooden.
Your +0 cloak unmelds from your body.
Your +1 helmet unmelds from your body.
Your +0 steam dragon scales unmelds from your body.
The death yak closely misses you.
You hit the death yak but do no damage.
The death yak is almost dead.
The death yak closely misses you. The death yak completely misses you.
You hit the death yak.
The death yak is almost dead.
The death yak gores you!
* * * LOW HITPOINT WARNING * * *
You slash the death yak!
You kill the death yak!
Makhleb accepts your kill.
You have reached level 12!
You feel stronger.
You barely miss the yak. The yak misses you.
You hit the death yak but do no damage. The death yak barely misses you.
You hit the death yak but do no damage. The death yak gores you.
* * * LOW HITPOINT WARNING * * *
You completely miss the death yak. The death yak gores you!!
* * * LOW HITPOINT WARNING * * *
The death yak gores you!
You die...

.................................
.........#####.###...............
.........##.#P'#.#...............
.........##.....#.......####..#..
#........##.....##.....#####.##..
.........##.....##......#....##..
..........#.....##Y..........##..
....#....##.....#YYY...##....##..
....#....##.....@#Y....##....##..
.........####.####.....#.....##..
....#....#####. #.....###.####..
.............,....Y.....##..###..
#.###........ ..YYY..............
............. ...>...............
............. .YY................
............. Y..................
P.P...................#.#..##....


You could see 3 death yaks and a yak.

Vanquished Creatures
  A two-headed ogre (D:9)
  Erica (Lair:1)
  2 death yaks (Lair:1)
  Sonja (Lair:1)
  A deep elf pyromancer (D:8)
  4 elephants (Lair:1)
  A cyclops (D:8)
  2 komodo dragons (Lair:1)
  A troll (D:9)
  A hornet (D:9)
  4 blink frogs (Lair:1)
  A blink frog (shapeshifter) (D:8)
  3 wyverns
  Eustachio (D:6)
  22 yaks
  3 basilisks
  Menkaure (D:6)
  2 steam dragons
  Edmund (D:6)
  4 orc warriors
  4 water moccasins
  3 black bears
  2 necrophages
  3 ogres
  3 centaurs
  A phantom (D:4)
  3 kobold brigands
  5 bullfrogs
  Blork the orc (D:6)
  A wyvern zombie (D:7)
  2 scorpions
  A water moccasin skeleton (D:5)
  10 wights
  2 howler monkeys
  A crimson imp (D:8)
  A bullfrog zombie (D:5)
  2 centaur skeletons (D:6)
  A jelly (D:4)
  4 orc priests
  Crazy Yiuf (D:2)
  A bullfrog skeleton (D:6)
  5 hounds
  Ijyb (D:3)
  2 gnoll shamans
  3 iguanas
  Terence (D:3)
  5 orc wizards
  A killer bee zombie (D:9)
  3 mummies (Ossuary)
  A howler monkey zombie (D:3)
  6 gnolls
  2 howler monkey skeletons
  7 adders
  2 shadow imps (D:5)
  A white imp (D:8)
  An ufetubus (D:5)
  2 worms (D:5)
  6 dart slugs
  45 orcs
  3 ball pythons
  4 endoplasms
  7 giant cockroaches
  3 gnoll zombies (Ossuary)
  18 hobgoblins
  7 jackals (D:1)
  5 quokkas
  A ball python zombie (D:3)
  8 bats
  A frilled lizard (D:2)
  2 goblins
  3 goblin zombies (Ossuary)
  A hobgoblin zombie (Ossuary)
  21 kobolds
  An orc zombie (Ossuary)
  6 rats
294 creatures vanquished.

Vanquished Creatures (others)
  An orc (D:9)
  16 plants
17 creatures vanquished.

Grand Total: 311 creatures vanquished

Notes
Turn   | Place    | Note
-------+----------+-------------------------------------------
     0 | D:1      | avis the Deep Dwarf Necromancer began the quest for the
                  | Orb.
     0 | D:1      | Reached XP level 1. HP: 15/15 MP: 3/3
   379 | D:1      | Reached XP level 2. HP: 22/22 MP: 0/4
   539 | D:1      | Reached skill level 5 in Necromancy
   741 | D:1      | Found a faded altar of an unknown god.
  1315 | D:2      | Reached XP level 3. HP: 30/30 MP: 2/6
  1356 | D:1      | Learned a level 3 spell: Vampiric Draining
  1460 | D:2      | Reached skill level 1 in Fighting
  1708 | D:2      | Found a runed translucent door.
  1917 | D:3      | Noticed Terence
  2046 | D:3      | Noticed Grinder
  2140 | D:3      | Reached XP level 4. HP: 39/39 MP: 7/7
  2177 | D:3      | Noticed Ijyb
  2202 | D:3      | Killed Ijyb
  2768 | D:3      | Reached XP level 5. HP: 41/45 MP: 1/8
  3266 | D:3      | Found an opulent altar of Gozag.
  3827 | D:3      | Reached skill level 6 in Necromancy
  3869 | D:4      | Found a white marble altar of Elyvilon.
  3888 | D:4      | Found a broken altar of Ashenzari.
  3985 | D:4      | Reached XP level 6. HP: 55/55 MP: 5/9
  4693 | D:4      | Reached skill level 1 in Armour
  4693 | D:4      | Reached XP level 7. HP: 47/62 MP: 1/12
  5163 | D:4      | Identified a scroll of acquirement
  5163 | D:4      | Acquired a staff of death
  5357 | D:3      | Killed Terence
  5457 | D:2      | Noticed Crazy Yiuf
  5465 | D:2      | Killed Crazy Yiuf
  5610 | D:5      | Entered Level 5 of the Dungeon
  5721 | D:5      | Found a sacrificial altar of Ru.
  5826 | D:4      | Reached skill level 7 in Necromancy
  5915 | D:5      | Found a sand-covered staircase.
  5924 | Ossuary  | Entered an ossuary
  6383 | D:5      | Reached skill level 8 in Necromancy
  6383 | D:5      | Reached XP level 8. HP: 40/69 MP: 7/13
  7725 | D:6      | Found Hyock's Antique Weapon Boutique.
  7772 | D:6      | Reached skill level 9 in Necromancy
  7848 | D:6      | Reached skill level 1 in Shields
  8024 | D:6      | Found a staircase to the Ecumenical Temple.
  8033 | Temple   | Entered the Ecumenical Temple
  8379 | D:6      | Noticed Eustachio
  8391 | D:6      | Killed Eustachio
  8531 | D:6      | Noticed Menkaure
  8540 | D:6      | Killed Menkaure
  8541 | D:6      | Reached skill level 5 in Stealth
  8917 | D:6      | Gained mutation: You passively map the area around you.
                  | [Deep Dwarf growth]
  8917 | D:6      | Reached XP level 9. HP: 42/78 MP: 14/14
  9060 | D:6      | Noticed Edmund
  9068 | D:6      | Killed Edmund
  9069 | D:6      | Reached skill level 5 in Spellcasting
  9260 | Temple   | Reached skill level 5 in Fighting
  9577 | D:6      | Reached skill level 5 in Dodging
  9735 | D:6      | Reached skill level 5 in Armour
 10236 | D:6      | Noticed Blork the orc
 10247 | D:6      | Killed Blork the orc
 10248 | D:6      | Reached skill level 1 in Evocations
 10310 | D:7      | Found Muez Sod's Hydra Hut.
 10315 | D:7      | Noticed a seven-headed hydra
 10324 | D:7      | Identified the +6 hand axe of the Pariah {vorpal, rF+}
 10351 | D:7      | Found a blossoming altar of Fedhas.
 10425 | D:7      | Found a runed translucent door.
 10425 | D:7      | Noticed freelancePsychic's ghost (novice OpVM)
 10697 | D:7      | Found an ornate altar of the Wu Jian Council.
 11452 | D:8      | Found a hide-covered altar of Uskayaw.
 11550 | D:7      | Reached XP level 10. HP: 47/84 MP: 2/14
 11758 | D:7      | Reached skill level 10 in Necromancy
 12085 | D:8      | You fall into a shaft and drop 3 floors!
 12085 | D:11     | Noticed Erolcha
 12085 | D:11     | Noticed a two-headed ogre
 12137 | D:12     | Noticed a manticore
 12142 | D:12     | Found a staircase to the Orcish Mines.
 12214 | D:10     | Entered Level 10 of the Dungeon
 12483 | D:9      | Found a staircase to the Lair.
 12885 | D:8      | Found a burning altar of Makhleb.
 12895 | D:8      | Became a worshipper of Makhleb the Destroyer
 13070 | D:8      | Noticed a cyclops
 13091 | D:8      | Killed a cyclops
 13282 | D:8      | Identified the +5 scimitar "Ymogilau" {antimagic, *Slow
                  | rElec rF++ rCorr}
 13361 | D:8      | Noticed a deep elf pyromancer
 13369 | D:8      | Killed a deep elf pyromancer
 14076 | D:8      | Found a bloodstained altar of Trog.
 14429 | D:8      | Found a glowing silver altar of Zin.
 14439 | D:8      | Found an iron altar of Okawaru.
 14619 | D:8      | Upgraded the game from 0.28-a0-1518-gbe868bca14 to
                  | 0.28-a0-1567-g1695149f81
 14909 | D:9      | Found Ikhlif's Weapon Shoppe.
 15167 | D:9      | Reached XP level 11. HP: 69/94 MP: 11/15
 15505 | D:9      | Noticed a two-headed ogre
 15565 | D:9      | Killed a two-headed ogre
 15658 | D:9      | Reached * piety under Makhleb
 16052 | D:9      | Paralysed by a hornet for 3 turns
 16263 | D:9      | Reached skill level 5 in Invocations
 16530 | D:9      | Reached ** piety under Makhleb
 16868 | Lair:1   | Entered Level 1 of the Lair of Beasts
 16999 | D:7      | Bought a +3 falchion of flaming for 246 gold pieces
 17276 | Lair:1   | Noticed Erica
 17293 | Lair:1   | Killed Erica
 17336 | Lair:1   | Noticed a death yak
 18496 | Lair:1   | Noticed Sonja
 18505 | Lair:1   | Killed Sonja
 18749 | Lair:1   | Noticed a death yak
 18749 | Lair:1   | Noticed a death yak
 18939 | Lair:1   | Noticed a death yak
 18939 | Lair:1   | Noticed a death yak
 18973 | Lair:1   | Killed a death yak
 19010 | Lair:1   | Killed a death yak
 19011 | Lair:1   | Reached XP level 12. HP: 26/110 MP: 2/20
 19014 | Lair:1   | Slain by a death yak

Illustrated notes

Levels and vault maps discovered:
D:1:      dpeg_arrival_triangle_fractal, layout_basic,
          shapermc_ecumenical_altar_pompeii, serial_bayou_lake_a
D:2:      layout_basic, minmay_tetromino_s4, uniq_crazy_yiuf_cottage
D:3:      layout_loops_corners, nicolae_gozag_seed_capital,
          chequers_decorated_corner, kennysheep_nondescript, glass_columns_c,
          minmay_divided_ellipse, uniq_ijyb, uniq_grinder, uniq_terence
D:4:      layout_basic, mainiacjoe_overflow_alcove_1, kennysheep_mini,
          sigmund_army
D:5:      layout_basic, nicolae_ru_sacrificial_ziggurat,
          nicolae_ossuary_entry_plus, kennysheep_doodads,
          kennysheep_generic_room_12
D:6:      layout_gridville, minmay_temple_entry_wispy, serial_shops,
          nicolae_stop_n_shop_2, uniq_blork_the_orc, uniq_menkaure, uniq_edmund,
          uniq_eustachio
D:7:      layout_loops_ring, nicolae_wu_jian_immortal_techniques,
          fedhas_altar_2, hellmonk_ghost_happy_afterlife, minmay_crystal_room,
          doesnt_shop_hydraphobe
D:8:      layout_basic, lemuel_crystal_altar, trog_hazing_becter,
          makhleb_grotto_becter, minitemple, grunt_decor_arrowhead, st_stairs_3,
          minmay_diamond_spiral
D:9:      layout_roguey, david_lair_generic, serial_shops, kennysheep_mini_moat,
          special_room [special_room_orc]
D:10:     layout_roguey, grunt_temple_overflow_open, minmay_misc_feat_columns
D:11:     layout_cave_pods, uniq_erolcha, uniq_psyche
D:12:     layout_loops_ring, orc_0_dummy, uniq_gastronok, uniq_maurice
Temple:   jpeg_temple_island
Lair:1:   layout_regular_city, uniq_sonja, uniq_erica

Skill      XL: |  1  2  3  4  5  6  7  8  9 10 11 |
---------------+----------------------------------+-----
Necromancy     | 5 6 8 9 10 | 10.0
Spellcasting   | 2 3 4 5 7 |  7.5
Stealth        | 3 4 5 7 |  7.0
Fighting       | 2 3 4 5 8 |  8.0
Armour         | 1 3 5 8 9 |  9.0
Dodging        | 3 5 8 |  8.0
Shields        | 4 |  4.0
Evocations     | 3 |  3.0
Invocations    | 5 |  5.0

Action                   |  1- 3 |  4- 6 |  7- 9 | 10-12 || total
-------------------------+-------+-------+-------+-------++-------
Melee: Short sword       |    24 |    17 |       |       ||    41
       Punch             |     1 |     1 |     1 |       ||     3
       Club              |       |    38 |   201 |       ||   239
       Staff             |       |       |     4 |    13 ||    17
       Hand axe          |       |       |    28 |   294 ||   322
       Flail             |       |       |    24 |       ||    24
       Scimitar          |       |       |       |     6 ||     6
Throw: Dart              |       |     1 |       |     2 ||     3
       Throwing net      |       |     1 |       |     1 ||     2
 Cast: Pain              |    64 |    66 |    26 |     3 ||   159
       Vampiric Draining |       |    18 |   100 |   171 ||   289
 Abil: Heal Wounds       |       |     1 |     2 |       ||     3
Evoke: Wand              |       |       |       |    16 ||    16
  Use: Scroll            |       |     7 |    11 |     3 ||    21
       Potion            |       |       |       |     5 ||     5
 Stab: Distracted        |       |       |     1 |       ||     1
       Sleeping          |       |       |     2 |     2 ||     4
Armor: Robe              |     8 |     3 |       |       ||    11
       Leather armour    |       |    16 |   149 |    39 ||   204
       Steam dragon scal |       |       |       |   112 ||   112
       Skin              |       |       |       |    23 ||    23
Dodge: Dodged            |    24 |    40 |   227 |   326 ||   617
Block: Buckler           |       |       |    46 |   111 ||   157

Table legend: (Time is in decaauts)
 A = Elapsed time spent in this place.
 B = Non-inter-level travel time spent in this place.
 C = Inter-level travel time spent in this place.
 D = Time resting spent in this place.
 E = Time spent auto-exploring this place.
 F = Levels seen in this place.
 G = Mean time per level.
                   A        B        C        D        E       F      G
               +--------+--------+--------+--------+--------+-----+--------+
         Total |  19261 |  18158 |   1103 |   7040 |   5920 |  15 | 1284.1 |
       Dungeon |  16275 |  15200 |   1075 |   5854 |   5252 |  12 | 1356.2 |
        Temple |    639 |    613 |     26 |    190 |    223 |   1 |  639.0 |
          Lair |   2025 |   2024 |      1 |    896 |    445 |   1 | 2025.0 |
       Ossuary |    320 |    320 |      0 |    100 |      0 |   1 |  320.0 |
               +--------+--------+--------+--------+--------+-----+--------+

Top non-repeatable levels by time:
     D:8: 2297 daAuts
     D:9: 2207 daAuts
     D:3: 2161 daAuts
     D:6: 2097 daAuts
  Lair:1: 2025 daAuts
     D:7: 1780 daAuts
     D:4: 1665 daAuts
     D:5: 1601 daAuts
     D:1: 1464 daAuts
  Temple: 639 daAuts
     D:2: 603 daAuts
 Ossuary: 320 daAuts
    D:10: 268 daAuts
    D:11: 72 daAuts
    D:12: 56 daAuts
